 Dungeon Crawl Stone Soup version 0.28.0-45-g0d030f2227 (webtiles) character file.

Game seed: 3411526026323921353

4105 mortz the Destroyer (level 10, -8/73 HPs)
             Began as a Red Draconian Conjurer on Apr 18, 2022.
             Was an Initiate of Gozag.
             Mangled by a boulder beetle (15 damage)
             ... on level 7 of the Dungeon on Apr 19, 2022.
             The game lasted 00:47:17 (9619 turns).

mortz the Destroyer (Red Draconian Conjurer)        Turns: 9619, Time: 00:47:18

Health: -8/73      AC: 11    Str: 15    XL:     10   Next: 6%
Magic:  6/20       EV: 13    Int: 22    God:    Gozag
Gold:   195        SH:  0    Dex: 11    Spells: 7/23 levels left

rFire   + . .      SeeInvis .   i - staff of conjuration {!a@e2staff}
rCold   . . .      Faith    .   (no shield)
rNeg    . . .      Spirit   .   (armour unavailable)
rPois   +          Reflect  .   (helmet restricted)
rElec   .          Harm     .   v - +1 cloak {Will+}
rCorr   .          Rampage  .   a - +1 pair of gloves
Will    +....                   (no boots)
Stlth   ++........              (no amulet)
HPRegen 0.22/turn               p - ring of poison resistance
MPRegen 0.17/turn               A - +6 ring of strength

@: short of breath
A: breathe fire, AC +7, unfitting armour, fire resistance 1, cold-blooded
a: Breathe Fire, Renounce Religion, Potion Petition, Call Merchant, Bribe Branch


You were on level 7 of the Dungeon.
You worshipped Gozag.
Gozag was aware of your devotion.
You visited 1 branch of the dungeon, and saw 7 of its levels.

You collected 1056 gold pieces.
You spent 181 gold pieces at shops.
You paid 680 gold pieces to Gozag.


Innate Abilities, Weirdness & Mutations

You can breathe blasts of fire.
Your fiery red scales are hard. (AC +7)
You cannot fit into any form of body armour.
Your flesh is heat resistant. (rF+)
You are cold-blooded and may be slowed by cold attacks.


   Skills:
 + Level 1.7 Fighting
 + Level 1.6 Staves
 + Level 4.8 Dodging
 + Level 4.2 Stealth
 + Level 0.8 Unarmed Combat
 + Level 7.1 Spellcasting
 + Level 8.5 Conjurations
 * Level 5.6 Fire Magic
 * Level 3.1 Air Magic
 * Level 4.0 Poison Magic


You had 7 spell levels left.
You knew the following spells:

 Your Spells              Type           Power      Damage    Failure   Level
a - Magic Dart            Conj           100%       1d8       1%          1
b - Searing Ray           Conj           100%       2d8       1%          2
c - Scorch                Fire           64%        2d8       1%          2
d - Mephitic Cloud        Conj/Pois/Air  46%        N/A       3%          3
e - Flame Wave            Conj/Fire      55%        2d11      4%          4
f - Iskenderun's Mystic   Conj/Tloc      39%        2d9       14%         4

Your spell library contained the following spells:

 Spells                   Type           Power      Damage    Failure   Level
 Poisonous Vapours        Pois/Air       46%        N/A       2%          2
 Sting                    Tmut/Pois      64%        1d6       3%          1
 Dazzling Flash           Conj/Hex       78%        N/A       4%          3
 Call Imp                 Summ           7%         N/A       12%         2
 Fulminant Prism          Conj/Hex       19%        3d11      14%         4
 Olgreb's Toxic Radiance  Pois           25%        N/A       16%         4
 Summon Cactus Giant      Summ           3%         N/A       100%        6

Inventory:

Hand Weapons
 d - a +0 club {mace}
   (You took it off a goblin on level 1 of the Dungeon)
 l - a +0 short sword {short}
   (You took it off a kobold on level 2 of the Dungeon)
 z - a +2 hand axe of freezing {axe}
   (You took it off an orc on level 4 of the Dungeon)
 E - the +6 hunting sling of Big Damage {freeze, Contam rC+ Stlth+, sling}
   (You found it on level 7 of the Dungeon)

   Any ammunition fired from it freezes those it strikes, dealing additional
   cold damage.
   It can also slow down cold-blooded creatures.
   rC:        It protects you from cold.
   Contam:    It causes magical contamination when unequipped.
   Stlth:     It makes you more stealthy.
 F - a +1 whip of flaming {mace}
   (You took it off Pikel on level 7 of the Dungeon)
Missiles
 b - 19 poisoned darts {throwing}
 e - 69 bolts
 g - 110 arrows
 h - 203 stones {throwing}
 r - 3 atropa-tipped darts {throwing}
 y - 22 sling bullets
Armour
 a - a +1 pair of gloves (worn)
   (You found it on level 1 of the Dungeon)
 v - a +1 cloak of willpower (worn)
   (You bought it in a shop on level 6 of the Dungeon)
Magical Staves
 i - a staff of conjuration (weapon) {!a@e2staff}
   (You found it on level 1 of the Dungeon)
Jewellery
 p - a ring of poison resistance (left hand)
   (You found it on level 2 of the Dungeon)
 A - a +6 ring of strength (right hand)
   (You found it on level 6 of the Dungeon)
Wands
 f - a wand of paralysis (9)
   (You found it on level 6 of the Dungeon)
 n - a wand of polymorph (15)
   (You found it on level 6 of the Dungeon)
 C - a wand of acid (8)
   (You took it off Ijyb on level 5 of the Dungeon)
 D - a wand of flame (24)
   (You found it on level 5 of the Dungeon)
Scrolls
 c - 2 scrolls of immolation {!r!r}
 j - 7 scrolls of teleportation {@r4}
 k - 2 scrolls of fear
 m - 2 scrolls of enchant weapon
 o - a scroll of amnesia {unknown}
 B - a scroll of silence {!r}
Potions
 q - a potion of magic
 s - a potion of might
 t - 4 potions of invisibility
 u - a potion of resistance
 w - 2 potions of curing {@q1}
 x - a potion of brilliance {unknown}

Dungeon Overview and Level Annotations

Branches:
Dungeon (7/15)             Temple (0/1) D:7

Altars:
Elyvilon
Fedhas
Gozag
Hepliaklqana
Kikubaaqudgha
Sif Muna
Vehumet

Shops:
D:6 [

Portals:
Abyss: D:4

Annotations:
D:4 2 transporters, NinjaNoafa's ghost, novice HOFi
D:7 exclusion: statue

##...### $
####.#######
#...........
#.##.#####..
#.##.#
###.##.# ##.
#......# ..B
#.#B###...○ .
#.#@###○#○...
# #..........
#####.####. #


You could see a boulder beetle.


Message History

You start resting.
You have got your breath back. 😎 MP[+4]
Your mp is fully restored (20).
You now have 173 gold pieces (gained 6).
F - a +1 whip of flaming {mace}
n - a wand of polymorph (15) (gained 8 charges)
You see here a +0 robe.
You now have 186 gold pieces (gained 13).
g - 110 arrows (gained 8)
You see here a +0 shortbow {bow}.
You now have 195 gold pieces (gained 9).
The boulder beetle curls into a ball and begins rolling!
Cast which spell? (? or * to list)
Aiming: Searing Ray (safe; 1% risk of failure)
Press: ? - help, Shift-Dir - straight line, f - boulder beetle
Aim: a boulder beetle (rolling, 100% to hit)
You feel a surge of power!
The searing ray hits the boulder beetle but does no damage. (Press . to maintain the ray.)
The boulder beetle hits you!!
The boulder beetle stops rolling and uncurls. 😮 HP[-20] MP[-2]
You take 20 damage, and now have 53/73 hp.
MASSIVE DAMAGE!! (PAUSE)
You lost 2 mp, and now have 18/20 mp.
Aiming: Breathe Fire (3% risk of failure)
Press: ? - help, Shift-Dir - straight line, f/p - boulder beetle
Aim: a boulder beetle (100% to hit)
You breathe a blast of fire.
The fiery breath hits the boulder beetle but does no damage.
The boulder beetle is engulfed in blazing flames.
The boulder beetle leaps! 😮 HP[+1]
Casting: Searing Ray (safe; 1% risk of failure)
Confirm with . or Enter, or press ? or * to list all spells.
Aiming: Searing Ray (safe; 1% risk of failure)
Press: ? - help, Shift-Dir - straight line, f/p - boulder beetle
Aim: a boulder beetle (lightly wounded, 100% to hit)
You feel a surge of power!
The searing ray hits the boulder beetle! (Press . to maintain the ray.)
The boulder beetle curls into a ball and begins rolling! 😮 MP[-2]
You lost 2 mp, and now have 16/20 mp.
The searing ray hits the boulder beetle! 😮 MP[-1]
You lost 1 mp, and now have 15/20 mp.
The searing ray hits the boulder beetle. 😮 MP[-1]
You lost 1 mp, and now have 14/20 mp.
The searing ray hits the boulder beetle.
You finish channelling your searing ray.
The boulder beetle hits you!!
* * * LOW HITPOINT WARNING * * *
The boulder beetle stops rolling and uncurls. 😨 HP[-21]
You take 21 damage, and now have 33/73 hp.
MASSIVE DAMAGE!! (PAUSE)
The boulder beetle misses you. 😨 HP[+1]
Casting: Searing Ray (safe; 1% risk of failure)
Confirm with . or Enter, or press ? or * to list all spells.
Aiming: Searing Ray (safe; 1% risk of failure)
Press: ? - help, Shift-Dir - straight line, f/p - boulder beetle
Aim: a boulder beetle (moderately wounded, 100% to hit)
You feel a surge of power!
The searing ray hits the boulder beetle. (Press . to maintain the ray.)
The boulder beetle bites you!!
* * * LOW HITPOINT WARNING * * *
😱 HP[-18] MP[-2]
You take 18 damage, and now have 16/73 hp.
MASSIVE DAMAGE!! (PAUSE)
You lost 2 mp, and now have 12/20 mp.
Casting: Searing Ray (safe; 1% risk of failure)
Confirm with . or Enter, or press ? or * to list all spells.
Okay, then.
Casting: Searing Ray (safe; 1% risk of failure)
Confirm with . or Enter, or press ? or * to list all spells.
Casting: Flame Wave (dangerous; 4% risk of failure)
Press: ? - help, Dir - look around, f - activate You feel a surge of power!
A wave of flame ripples out!
The flame wave engulfs the boulder beetle but does no damage. (Press . to intensify the flame waves.)
The boulder beetle bites you!
* * * LOW HITPOINT WARNING * * *
😱 HP[-10] MP[-4]
You take 10 damage, and now have 6/73 hp.
You lost 4 mp, and now have 8/20 mp.
A wave of flame ripples out!
The flame wave engulfs the boulder beetle.
The boulder beetle bites you but does no damage. 😱 MP[-1]
You lost 1 mp, and now have 7/20 mp.
A wave of flame ripples out!
The flame wave engulfs the boulder beetle!
You finish channelling waves of flame.
The boulder beetle bites you!
You die...
Your body crumbles into a pile of gold.

Skill      XL: |  1  2  3  4  5  6  7  8  9 |
---------------+----------------------------+-----
Stealth        | 2 3 4 |  4.2
Dodging        | 2 3 4 |  4.8
Conjurations   | 5 6 7 8 |  8.5
Spellcasting   | 3 4 5 6 7 |  7.1
Staves         | 1 |  1.6
Fighting       | 1 |  1.7
Fire Magic     | 2 5 |  5.6
Air Magic      | 1 3 |  3.1
Poison Magic   | 1 4 |  4.0
Unarmed Combat | |  0.8

Action                   |  1- 3 |  4- 6 |  7- 9 | 10-12 || total
-------------------------+-------+-------+-------+-------++-------
Melee: Unarmed           |    45 |       |       |       ||    45
       Tailslap          |    11 |       |       |       ||    11
       Club              |     7 |       |       |       ||     7
       Punch             |     1 |       |       |       ||     1
       Staff             |    25 |     4 |       |       ||    29
 Cast: Magic Dart        |    67 |    29 |    80 |       ||   176
       Searing Ray       |    20 |    25 |    43 |     3 ||    91
       Flame Wave        |       |       |       |     1 ||     1
Invok: Call Merchant     |       |       |     1 |       ||     1
 Abil: Breathe Fire      |       |       |    32 |     1 ||    33
  Use: Scroll            |       |       |    14 |       ||    14
Armor: Skin              |    39 |    24 |     8 |     1 ||    72
Dodge: Dodged            |    68 |    22 |    24 |     1 ||   115

Levels and vault maps discovered:
D:1:      saegor_arrival_simple_b, layout_loops_cross
D:2:      layout_basic, shapermc_ecumenical_altar_mp_urbaneastern
D:3:      layout_loops_ring, kennysheep_vampire_church,
          nicolae_gozag_seed_capital, guppyfry_early_lair_pool
D:4:      layout_loops_ring, mainiacjoe_overflow_tiny_flanked,
          fedhas_altar_decomposition, gammafunk_ghost_abyssal_escape
D:5:      layout_loops_ring, kennysheep_generic_room_4, uniq_ijyb
D:6:      layout_basic, amethyst_overflow_temple_binary,
          guppyfry_early_elven_hall
D:7:      layout_loops_ring, vehumet_statue, minmay_temple_entry_crystal_x,
          gammafunk_ghost_gnarly_gnolls, uniq_pikel

Notes
Turn   | Place    | Note
-------+----------+-------------------------------------------
     0 | D:1      | mortz the Draconian Conjurer began the quest for the Orb.
     0 | D:1      | Reached XP level 1. HP: 14/14 MP: 3/3
     0 | D:1      | magus.rc [v1.9.6]
   214 | D:1      | Reached XP level 2. HP: 15/20 MP: 0/5
   515 | D:1      | Learned a level 2 spell: Searing Ray
  1047 | D:1      | Reached XP level 3. HP: 26/26 MP: 3/6
  1197 | D:1      | magus.rc [v1.9.6]
  1267 | D:2      | Reached skill level 2 in Stealth
  1540 | D:2      | magus.rc [v1.9.6]
  1770 | D:2      | Reached skill level 2 in Dodging
  1915 | D:2      | Found a faded altar of an unknown god.
  2476 | D:3      | Found an opulent altar of Gozag.
  2680 | D:3      | Became a worshipper of Gozag Ym Sagoz the Greedy
  2794 | D:3      | Reached skill level 5 in Conjurations
  2948 | D:3      | You pick up a book of Scorching and begin reading...
  2948 | D:3      | You add the spells Scorch, Flame Wave and Summon Cactus
                  | Giant to your library.
  2952 | D:3      | Learned a level 2 spell: Scorch
  3048 | D:3      | Reached XP level 4. HP: 33/33 MP: 4/7
  3351 | D:3      | Found an ancient bone altar of Kikubaaqudgha.
  3522 | D:3      | Reached skill level 3 in Spellcasting
  3522 | D:3      | Reached XP level 5. HP: 38/38 MP: 4/9
  3973 | D:4      | Noticed a steam dragon
  4281 | D:4      | Noticed a hornet
  4499 | D:4      | Noticed a necrophage
  4506 | D:4      | Killed a necrophage
  4507 | D:4      | Reached XP level 6. HP: 45/45 MP: 0/11
  4615 | D:4      | Reached skill level 3 in Dodging
  4689 | D:4      | Found a blossoming altar of Fedhas.
  4691 | D:4      | magus.rc [v1.9.6]
  4726 | D:4      | Found a transporter.
  4756 | D:4      | Found a transporter.
  4893 | D:4      | Killed a steam dragon
  4894 | D:4      | Reached skill level 4 in Spellcasting
  4894 | D:4      | Reached skill level 6 in Conjurations
  5156 | D:4      | Your scales start taking on a fiery red colour.
  5156 | D:4      | Reached XP level 7. HP: 51/51 MP: 7/13
  5156 | D:4      | Gained mutation: Your flesh is heat resistant. (rF+) [Red
                  | Draconian growth]
  5207 | D:4      | Found a one-way gate to the infinite horrors of the Abyss.
  5207 | D:4      | Noticed NinjaNoafa's ghost (novice HOFi)
  5256 | D:4      | Reached skill level 1 in Staves
  5315 | D:4      | Paralysed by a hornet for 1 turns
  5319 | D:4      | Killed a hornet
  5504 | D:4      | Reached skill level 4 in Dodging
  5577 | D:4      | Reached skill level 1 in Fighting
  5656 | D:4      | Found a shimmering blue altar of Sif Muna.
  5802 | D:5      | Entered Level 5 of the Dungeon
  5871 | D:5      | Reached skill level 5 in Spellcasting
  5959 | D:5      | Reached XP level 8. HP: 59/59 MP: 11/15
  6000 | D:5      | Noticed Ijyb
  6048 | D:5      | HP: 11/59 [Ijyb/bolt of acid (15)]
  6051 | D:5      | Killed Ijyb
  6516 | D:4      | Reached skill level 3 in Stealth
  6516 | D:4      | Reached skill level 7 in Conjurations
  6708 | D:5      | You pick up a book of Minor Magic and begin reading...
  6708 | D:5      | You add the spells Call Imp and Mephitic Cloud to your
                  | library.
  6713 | D:5      | Learned a level 3 spell: Mephitic Cloud
  6791 | D:5      | Reached skill level 1 in Fire Magic
  6950 | D:5      | Reached skill level 1 in Air Magic
  6950 | D:5      | Reached skill level 1 in Poison Magic
  7119 | D:5      | Reached skill level 6 in Spellcasting
  7119 | D:5      | Reached skill level 2 in Fire Magic
  7208 | D:5      | Reached XP level 9. HP: 64/64 MP: 11/18
  7215 | D:5      | Reached skill level 2 in Air Magic
  7215 | D:5      | Reached skill level 2 in Poison Magic
  7480 | D:5      | Reached skill level 4 in Stealth
  7484 | D:5      | Reached skill level 3 in Fire Magic
  7528 | D:5      | You add the spells Sting, Poisonous Vapours and Olgreb's
                  | Toxic Radiance to your library.
  7847 | D:6      | Reached skill level 4 in Fire Magic
  8009 | D:6      | Bought a +1 cloak of willpower for 181 gold pieces
  8495 | D:6      | Found a hazy altar of Hepliaklqana.
  8495 | D:6      | Found a white marble altar of Elyvilon.
  8616 | D:6      | Noticed a deep elf pyromancer
  8619 | D:6      | Killed a deep elf pyromancer
  8620 | D:6      | Reached skill level 8 in Conjurations
  8620 | D:6      | Reached skill level 5 in Fire Magic
  8620 | D:6      | Reached skill level 3 in Poison Magic
  8784 | D:6      | magus.rc [v1.9.6]
  8831 | D:7      | Noticed Pikel
  8901 | D:7      | Found a radiant altar of Vehumet.
  8908 | D:7      | Learned a level 4 spell: Flame Wave
  8913 | D:7      | Learned a level 4 spell: Iskenderun's Mystic Blast
  8913 | D:7      | magus.rc [v1.9.6]
  8972 | D:7      | Noticed a boulder beetle
  9351 | D:7      | magus.rc [v1.9.6]
  9356 | D:7      | Found a staircase to the Ecumenical Temple.
  9420 | D:7      | Identified the +6 hunting sling of Big Damage {freeze,
                  | Contam rC+ Stlth+}
  9550 | D:7      | Killed Pikel
  9551 | D:7      | Reached skill level 7 in Spellcasting
  9551 | D:7      | Reached skill level 3 in Air Magic
  9551 | D:7      | Reached skill level 4 in Poison Magic
  9551 | D:7      | Reached XP level 10. HP: 73/73 MP: 16/20
  9551 | D:7      | magus.rc [v1.9.6]
  9616 | D:7      | HP: 16/73 [boulder beetle (18)]
  9617 | D:7      | HP: 6/73 [boulder beetle (10)]
  9619 | D:7      | Mangled by a boulder beetle

Vanquished Creatures
  Pikel (D:7)
  A deep elf pyromancer (D:6)
  A hornet (D:4)
  6 yaks (D:5)
  A steam dragon (D:4)
  An ice beast (D:7)
  A black bear (D:5)
  3 orc warriors (D:6)
  4 necrophages (D:4)
  4 ogres
  2 centaurs
  A bullfrog (D:7)
  A scorpion (D:6)
  A vampire bat (D:3)
  2 centaur zombies
  A bullfrog zombie (D:4)
  An orc priest (D:4)
  A bullfrog skeleton (D:5)
  A jelly (D:5)
  2 centaur skeletons (D:7)
  A scorpion zombie (D:4)
  Ijyb (D:5)
  An iguana (D:5)
  3 orc wizards
  2 killer bee zombies
  2 hound zombies
  A howler monkey skeleton (D:6)
  5 adders
  A white imp (D:5)
  2 adder skeletons
  2 dart slugs
  19 orcs
  5 ball pythons
  2 bat skeletons (D:3)
  3 bat zombies (D:3)
  8 endoplasms
  5 giant cockroaches
  10 goblins
  5 hobgoblins
  10 jackals
  8 kobolds
  2 quokkas
  7 bats
  A frilled lizard (D:3)
  5 rats
147 creatures vanquished.

Vanquished Creatures (others)
  2 bushes (D:4)
  A fungus (D:2)
  17 plants
20 creatures vanquished.

Grand Total: 167 creatures vanquished

Table legend:
 A = Non-vault XP
 B = Vault XP
 C = Vault XP percentage of total XP
 D = Non-vault monster count
 E = Vault monster count
 F = Vault count percentage of total count
                 A         B        C        D         E       F
            +---------+---------+-------+---------+---------+-------
      Total |    3968 |    1897 |  32.3 |     130 |      17 |  11.6
            +---------+---------+-------+---------+---------+-------
        D:1 |      41 |       0 |   0.0 |      23 |       0 |   0.0
        D:2 |      42 |       0 |   0.0 |      22 |       0 |   0.0
        D:3 |      61 |      65 |  51.6 |      18 |       6 |  25.0
        D:4 |     799 |     459 |  36.5 |      20 |       6 |  23.1
        D:5 |    1883 |     201 |   9.6 |      21 |       3 |  12.5
        D:6 |     600 |     565 |  48.5 |      17 |       1 |   5.6
        D:7 |     542 |     607 |  52.8 |       9 |       1 |  10.0
            +---------+---------+-------+---------+---------+-------

Illustrated notes

Table legend:
 A = Kills in this place as a percentage of kills in entire the game.
 B = Kills by you in this place as a percentage of kills by you in the entire game.
 C = Kills by friends in this place as a percentage of kills by friends in the entire game.
 D = Other kills in this place as a percentage of other kills in the entire game.
 E = Experience gained in this place as a percentage of experience gained in the entire game.
 F = Experience gained in this place divided by the number of levels of this place that you have seen.
                   A       B       C       D       E      F
               +-------+-------+-------+-------+-------+----------------------
         Total | 100.0 | 100.0 |   N/A |   N/A | 100.0 | 837.9
       Dungeon | 100.0 | 100.0 |   N/A |   N/A | 100.0 | 837.9
               +-------+-------+-------+-------+-------+----------------------

Table legend: (Time is in decaauts)
 A = Elapsed time spent in this place.
 B = Non-inter-level travel time spent in this place.
 C = Inter-level travel time spent in this place.
 D = Time resting spent in this place.
 E = Time spent auto-exploring this place.
 F = Levels seen in this place.
 G = Mean time per level.
                   A        B        C        D        E       F      G
               +--------+--------+--------+--------+--------+-----+--------+
         Total |   9635 |   9350 |    285 |   1385 |   6507 |   7 | 1376.4 |
       Dungeon |   9635 |   9350 |    285 |   1385 |   6507 |   7 | 1376.4 |
               +--------+--------+--------+--------+--------+-----+--------+

Top non-repeatable levels by time:
     D:5: 1749 daAuts
     D:4: 1742 daAuts
     D:3: 1693 daAuts
     D:2: 1373 daAuts
     D:1: 1200 daAuts
     D:6: 1137 daAuts
     D:7: 739 daAuts
